 Dungeon Crawl Stone Soup version 0.31-a0-354-g827e0957a7 (webtiles) character file.

Game seed: 17488423570584837001

644 Locuples the Stinger (level 7, -2/55 HPs)
             Began as a Naga Venom Mage on July 24, 2023.
             Was an Initiate of Qazlal.
             Splashed by a jelly's acid (7 damage)
             ... on level 6 of the Dungeon.
             The game lasted 00:20:30 (4542 turns).

Locuples the Stinger (Naga Venom Mage)              Turns: 4542, Time: 00:20:30

Health: -2/55      AC:  0    Str: 10    XL:     7   Next: 52%
Magic:  2/13       EV: 10    Int: 17    God:    Qazlal [......]
Gold:   167        SH:  0    Dex: 12    Spells: 4/14 levels left

rFire   + . .        g - +2 short sword (venom)
rCold   + . .        (no shield)
rNeg    . . .        a - +0 robe
rPois   +            (no helmet)
rElec   .            h - scarf {rC+ rF+}
rCorr   .            (no gloves)
SInv    +            (no barding)
Will    +....        o - amulet of magic regeneration
Stlth   ++           p - ring of willpower
HPRegen 0.29/turn    (no ring)
MPRegen 0.53/turn

%: no passive effects
@: lethally poisoned (-2 -> -3), short of breath, corroded, very slow
A: AC +2, large, see invisible, deformed body, poison resistance, slowness 2,
spit poison 1, naga tail 1
a: Spit Poison, Renounce Religion


You were on level 6 of the Dungeon.
You worshipped Qazlal.
Qazlal was noncommittal.
You visited 2 branches of the dungeon, and saw 7 of its levels.

You collected 167 gold pieces.

Inventory:

Hand Weapons
 g - a +2 short sword of venom (weapon)
Armour
 a - a +0 robe (worn)
 h - a scarf of resistance (worn)
Jewellery
 o - an amulet of magic regeneration (around neck)
 p - a ring of willpower (left hand)
Scrolls
 d - a scroll of poison {unknown}
 e - 2 scrolls of fog {unknown}
 f - a scroll of silence {unknown}
 i - 5 scrolls of identify {unknown}
 j - 3 scrolls of fear {unknown}
 l - 2 scrolls of teleportation {unknown}
 s - a scroll of torment {unknown}
Potions
 b - 2 potions of magic
 c - a potion of lignification {unknown}
 k - 3 potions of haste {unknown}
 m - a potion of ambrosia {unknown}
 n - a potion of heal wounds {unknown}
 q - a potion of curing {unknown}
 r - a potion of mutation {unknown}
 t - a potion of invisibility {unknown}


   Skills:
 - Level 0.6 Short Blades
 - Level 1.5 Dodging
 + Level 3.5 Stealth
 * Level 4.2 Spellcasting
 * Level 2.2 Conjurations
 * Level 3.5 Transmutations
 * Level 2.2 Air Magic
 * Level 6.6 Poison Magic


You had 4 spell levels left.
You knew the following spells:

 Your Spells              Type           Power      Damage    Failure   Level
a - Sting                 Tmut/Pois      80%        1d7       1%          1
b - Mephitic Cloud        Conj/Pois/Air  16%        N/A       10%         3
c - Olgreb's Toxic Radia  Pois           26%        N/A       10%         4
d - Poisonous Vapours     Pois/Air       36%        N/A       3%          2

Your spell library contained the following spells:

 Spells                   Type           Power      Damage    Failure   Level


Dungeon Overview and Level Annotations

Branches:
Dungeon (6/15)             Temple (1/1) D:5

Altars:
Elyvilon
Fedhas
Gozag
Hepliaklqana
Kikubaaqudgha
Nemelex Xobeh
Okawaru
Qazlal
Trog
Wu Jian
Yredelemnul
Zin
The Shining One

Shops:
D:5 *


Innate Abilities, Weirdness & Mutations

Your serpentine skin is tough. (AC +2)
You have supernaturally acute eyesight. (SInv)
Armour fits poorly on your strangely shaped body.
Your system is resistant to poisons. (rPois)
You cover ground very slowly.
You can spit poison.
You have a snake-like lower body.


Message History

The kobold is moderately wounded.
The stinking cloud engulfs you but does no damage.
The stinking cloud engulfs the jelly but does no damage.
You feel sick.
The scorpion is engulfed in noxious fumes.
The scorpion appears confused.
The scorpion closely misses you.
The kobold is engulfed in noxious fumes.
The kobold appears confused.
The jelly closely misses you.
Aiming: Sting (safe; 1% risk of failure)
Press: ? - help, Q - select action, (/) - cycle Shift-Dir - straight line, f/p - scorpion
Aim: a scorpion (noxious fumes, lightly wounded, confused, 92% to hit)
The sting hits the scorpion but does no damage.
The scorpion is poisoned.
The scorpion is lightly wounded.
You feel sick.
The scorpion is engulfed in noxious fumes.
The jelly hits you but does no damage.
You hit the kobold.
You kill the kobold!
Qazlal accepts your kill.
You feel sick.
The scorpion is engulfed in noxious fumes.
The scorpion appears confused.
The jelly hits you.
You are splashed with acid.
The scorpion is engulfed in noxious fumes.
The scorpion appears confused.
You hit the jelly. The acid corrodes you!
Your hands burn!
The jelly is moderately wounded.
You feel sick. The jelly hits you.
You are splashed with acid!
* * * LOW HITPOINT WARNING * * *
The scorpion is engulfed in noxious fumes.
The scorpion appears confused.
Aiming: Spit Poison (1% risk of failure)
Press: ? - help, Shift-Dir - straight line, f/p - scorpion
Aim: a scorpion (heavily wounded, confused, poisoned, 86% to hit)
The splash of poison hits the scorpion.
The scorpion looks even sicker.
The scorpion is heavily wounded.
You feel sick. The jelly hits you.
* * * LOW HITPOINT WARNING * * *
You are splashed with acid!
You die...

.. .. #. #
#.#. # #).# #.
.°# #.##)##)##
#....)s@J###.#
..<....<....#
...........##
###...###.##
##.# .# #. .#
# . #


You could see a scorpion (confused, very poisoned) and a jelly.

Vanquished Creatures
  An ogre (D:5)
  A kobold brigand (D:6)
  3 scorpions
  An orc priest (D:5)
  2 hounds (D:5)
  An iguana (D:4)
  3 orc wizards
  A mummy (D:4)
  2 adders
  2 worms
  A dart slug (D:1)
  14 orcs
  2 endoplasms
  3 giant cockroaches
  8 goblins
  4 hobgoblins
  3 jackals (D:3)
  8 kobolds
  3 quokkas
  6 ball pythons
  5 bats
  2 frilled lizards (D:1)
  4 rats
80 creatures vanquished.

Vanquished Creatures (others)
  A human (D:3)
1 creature vanquished.

Grand Total: 81 creatures vanquished

Notes
Turn   | Place    | Note
-------+----------+-------------------------------------------
     0 | D:1      | Locuples the Naga Venom Mage began the quest for the Orb.
     0 | D:1      | Reached XP level 1. HP: 15/15 MP: 3/3
   254 | D:1      | Reached XP level 2. HP: 22/22 MP: 3/5
  1126 | D:2      | Reached XP level 3. HP: 28/28 MP: 2/6
  1754 | D:3      | Learned a level 3 spell: Mephitic Cloud
  1895 | D:4      | Reached skill level 1 in Conjurations
  1976 | D:4      | Found a bloodstained altar of Trog.
  1995 | D:4      | Noticed a scorpion
  2000 | D:4      | Reached skill level 5 in Poison Magic
  2000 | D:4      | Reached XP level 4. HP: 33/36 MP: 5/8
  2005 | D:4      | Killed a scorpion
  2006 | D:4      | Reached skill level 1 in Air Magic
  2006 | D:4      | Reached XP level 5. HP: 14/42 MP: 6/9
  2266 | D:3      | Found an ancient bone altar of Kikubaaqudgha.
  2267 | D:3      | Noticed a human
  2269 | D:3      | Killed a human
  2311 | D:3      | Found a basalt altar of Yredelemnul.
  3284 | D:4      | Reached XP level 6. HP: 49/49 MP: 8/11
  3653 | D:5      | Entered Level 5 of the Dungeon
  3663 | D:5      | Reached skill level 6 in Poison Magic
  3758 | D:5      | Reached XP level 7. HP: 55/55 MP: 12/12
  3860 | D:5      | Learned a level 4 spell: Olgreb's Toxic Radiance
  3884 | D:5      | Learned a level 2 spell: Poisonous Vapours
  3917 | D:5      | Found a staircase to the Ecumenical Temple.
  3926 | Temple   | Entered the Ecumenical Temple
  4003 | Temple   | Became a worshipper of Qazlal Stormbringer
  4065 | D:5      | Found Feemmaetoy's General Store.
  4201 | D:5      | Found an opulent altar of Gozag.
  4201 | D:5      | Found an ornate altar of the Wu Jian Council.
  4542 | D:6      | Splashed by a jelly's acid

Illustrated notes

Levels and vault maps discovered:
D:1:      dpeg_arrival_shrine, layout_loops_ring, minivault_11
D:2:      layout_rooms
D:3:      layout_loops_ring, lemuel_crystal_altar, tgw_kikubaaqudgha,
          hangedman_decor_slide_cut, minmay_crystal_room
D:4:      layout_cave_pods, lemuel_tele_altar, gup_ossuary_entry_pyramid
D:5:      layout_basic, gammafunk_temple_overflow_pools,
          minmay_temple_entry_gardened_gates, serial_shops,
          nicolae_shop_tiny_statue_garden
D:6:      layout_loops_ring, nicolae_overflow_crystal_walls,
          minmay_divided_ellipse
Temple:   hellmonk_temple_forest_ring

Skill      XL: |  1  2  3  4  5  6  7 |
---------------+----------------------+-----
Conjurations   | 1 2 |  2.2
Poison Magic   | 5 6 |  6.6
Spellcasting   | 3 4 |  4.2
Air Magic      | 1 2 |  2.2
Transmutations | 2 3 |  3.5
Short Blades   | |  0.6
Dodging        | |  1.5
Stealth        | |  3.5

Action                     |  1- 3 |  4- 6 |  7- 9 || total
---------------------------+-------+-------+-------++-------
  Melee: Short sword       |     6 |    28 |     8 ||    42
   Cast: Sting             |    54 |    36 |    25 ||   115
         Mephitic Cloud    |     1 |       |     9 ||    10
Ability: Spit Poison       |    22 |    25 |    10 ||    57
   Stab: Confused          |     1 |       |       ||     1
 Armour: Robe              |    10 |     4 |     4 ||    18
  Dodge: Dodged            |    18 |    23 |     5 ||    46

Table legend: (Time is in decaauts)
 A = Elapsed time spent in this place.
 B = Non-inter-level travel time spent in this place.
 C = Inter-level travel time spent in this place.
 D = Time resting spent in this place.
 E = Time spent auto-exploring this place.
 F = Levels seen in this place.
 G = Mean time per level.
                   A        B        C        D        E       F      G
               +--------+--------+--------+--------+--------+-----+--------+
         Total |   5804 |   5600 |    204 |    488 |   4176 |   7 |  829.1 |
       Dungeon |   5645 |   5461 |    184 |    488 |   4176 |   6 |  940.8 |
        Temple |    159 |    140 |     19 |      0 |      0 |   1 |  159.0 |
               +--------+--------+--------+--------+--------+-----+--------+

Top non-repeatable levels by time:
     D:4: 1480 daAuts
     D:1: 1257 daAuts
     D:3: 992 daAuts
     D:5: 988 daAuts
     D:2: 902 daAuts
  Temple: 159 daAuts
     D:6: 25 daAuts
